 Dungeon Crawl Stone Soup version 0.25-a0-161-gb7fd73da8f (webtiles) character file.

Game seed: 8373286262557281113, levelgen mode: deterministic

6577 vurker the Schismatic (level 11, -1/87 HPs)
             Began as a Formicid Abyssal Knight on Nov 21, 2019.
             Was an Elder of Lugonu.
             Slain by a troll (10 damage)
             ... on level 9 of the Dungeon.
             The game lasted 00:31:02 (12254 turns).

vurker the Schismatic (Formicid Abyssal Knight)    Turns: 12254, Time: 00:31:03

Health: -1/87      AC:  9    Str: 21    XL:     11   Next: 21%
Magic:  19/19      EV:  5    Int: 11    God:    Lugonu [****..]
Gold:   610        SH:  8    Dex: 14    Spells: 10/10 levels left

rFire    . . .     SeeInvis +   a - +2 lajatang (vamp)
rCold    . . .     Gourm    .   C - +0 shield
rNeg     . . .     Faith    .   m - +1 chain mail
rPois    .         Spirit   .   (helmet unavailable)
rElec    .         Reflect  .   (no cloak)
rCorr    .         Harm     .   (no gloves)
MR       +....                  (no boots)
Stlth    ..........             (no amulet)
HPRegen  0.24/turn              r - ring of flight
MPRegen  0.16/turn              n - ring of Cyfaa {*Tele Dex+4}

@: no status effects
A: permanent stasis, dig shafts and tunnels, four strong arms, antennae 3
a: Dig, Shaft Self, Depart the Abyss, Bend Space, Banish, Corrupt, Renounce
Religion, Evoke Flight


You were on level 9 of the Dungeon.
You worshipped Lugonu.
Lugonu was greatly pleased with you.
You were not hungry.

You visited 1 branch of the dungeon, and saw 9 of its levels.
You visited the Abyss 1 time.

You collected 610 gold pieces.

Inventory:

Hand Weapons
 a - a +2 vampiric lajatang (weapon)
   (You took it off a centaur on level 8 of the Dungeon)
 b - a +0 hunting sling
   (You found it on level 1 of the Dungeon)
 p - the +8 scythe of the Eternal Warrior {venom, rPois MR- Int+5 Stlth+}
   (You found it on level 6 of the Dungeon)

   It poisons the flesh of those it strikes.
   It affects your intelligence (+5).
   It protects you from poison.
   It affects your resistance to hostile enchantments.
   It makes you more stealthy.
 u - a +1 scimitar of venom
   (You found it on level 6 of the Dungeon)
 w - a +1 flail of protection
   (You took it off an orc on level 3 of the Dungeon)
 B - a +0 whip of electrocution
   (You took it off Pikel on level 5 of the Dungeon)
Missiles
 f - 316 stones (quivered)
 s - 41 sling bullets
Armour
 m - a +1 chain mail (worn)
   (You took it off a goblin on level 3 of the Dungeon)
 C - a +0 shield (worn)
   (You found it on level 9 of the Dungeon)
Jewellery
 n - the ring of Cyfaa (right hand) {*Tele Dex+4}
   (You found it on level 6 of the Dungeon)

   [ring of teleportation]

   It may teleport you next to monsters.
   It affects your dexterity (+4).
 r - a ring of flight (left hand)
   (You found it on level 6 of the Dungeon)
Wands
 t - a wand of flame (23)
   (You found it on level 7 of the Dungeon)
 v - a wand of digging (7)
   (You found it on level 3 of the Dungeon)
 y - a wand of polymorph (3)
   (You found it on level 4 of the Dungeon)
 D - a wand of enslavement (12)
   (You took it off an orc wizard on level 9 of the Dungeon)
Scrolls
 h - 4 scrolls of remove curse
 l - 2 scrolls of enchant armour
 A - a scroll of brand weapon {unknown}
Potions
 c - a potion of haste {unknown}
 d - a potion of cancellation
 g - 2 potions of ambrosia {unknown}
 i - a potion of berserk rage {unknown}
 j - 2 potions of lignification
 k - 2 potions of invisibility
 o - 2 potions of flight
 q - a potion of magic {unknown}
 x - a potion of brilliance {unknown}
 z - a potion of curing
Comestibles
 e - 10 rations


   Skills:
 + Level 8.9 Fighting
 - Level 9.8(10.2) Maces & Flails
 * Level 4.5(7.7) Staves
 - Level 2.1 Armour
 - Level 0.8 Dodging
 + Level 1.5 Shields
 * Level 11.7 Invocations


You had 10 spell levels left.
You didn't know any spells.
Your spell library contained the following spells:

 Spells                   Type           Power        Failure   Level  Hunger
 Infusion                 Chrm           #...         100%        1    ##.....
 Magic Dart               Conj           #...         100%        1    ##.....
 Searing Ray              Conj           #.....       100%        2    ###....
 Shroud of Golubria       Chrm/Tloc      #.....       100%        2    ###....
 Song of Slaying          Chrm           #.......     100%        2    ###....
 Dazzling Spray           Conj/Hex       #.....       100%        3    ####...
 Regeneration             Chrm/Necr      #.........   100%        3    ####...
 Spectral Weapon          Hex/Chrm       #.......     100%        3    ####...
 Force Lance              Conj/Tloc      #.......     100%        4    #####..
 Fulminant Prism          Conj/Hex       #.........   100%        4    #####..
 Iskenderun's Mystic Bla  Conj           #.......     100%        4    #####..


Dungeon Overview and Level Annotations

Branches:
Dungeon (9/15)             Temple (0/1) D:5
   Lair: D:8-11         Orc: D:9-12

Altars:
Cheibriados
Kikubaaqudgha
Sif Muna
Uskayaw
Yredelemnul
Zin

Shops:
D:8 (

Annotations:
D:3 2 transporters, grouchysmurf's ghost, amateur OgFi
D:5 1 runed translucent door, Nico3ck's ghost, novice DsBe


Innate Abilities, Weirdness & Mutations

You cannot be hasted, slowed, berserked, paralysed or teleported.
You can dig through walls and to a lower floor.
Your four strong arms can wield two-handed weapons with a shield.
You have a pair of large antennae on your head. (SInv)


Message History

You dig through the rock wall.
You dig through the rock wall.
You feel a sense of dread.
a - a +2 vampiric lajatang (weapon)
The centaur unwields a +0 shortbow.
The centaur hits you.
You retract your mandibles.
You slice the centaur!!
You feel better.
The centaur hits you but does no damage.
You barely miss the centaur.
The centaur hits you but does no damage.
The centaur hits you.
Your shield and chain mail prevent you from hitting the centaur.
The centaur hits you.
Your shield prevents you from hitting the centaur.
The centaur hits you but does no damage.
You block the centaur's attack.
You completely miss the centaur. The centaur hits you! The centaur hits you.
You closely miss the centaur.
The centaur hits you but does no damage.
You barely miss the centaur. The centaur hits you.
The centaur hits you but does no damage.
You slice the centaur!!
You feel better.
You kill the centaur!
Lugonu accepts your kill.
You hit the troll but do no damage. The troll bites you. The troll claws you.
* * * LOW HITPOINT WARNING * * *
You block the troll's attack.
You closely miss the troll. You block the troll's attack.
The troll completely misses you. x2
You hit the troll.
You feel better. You block the troll's attack. The troll claws you.
* * * LOW HITPOINT WARNING * * *
The troll claws you.
* * * LOW HITPOINT WARNING * * *
You slash the troll!
You feel better. The troll barely misses you. You block the troll's attack. x2
Your shield and chain mail prevent you from hitting the troll.
The troll bites you!
* * * LOW HITPOINT WARNING * * *
The troll claws you.
* * * LOW HITPOINT WARNING * * *
You block the troll's attack.
You hit the troll.
You feel better. The troll bites you but does no damage.
The troll barely misses you. The troll claws you!
* * * LOW HITPOINT WARNING * * *
You slash the troll!
You block the troll's attack. x2; The troll claws you!
* * * LOW HITPOINT WARNING * * *
The troll bites you!
* * * LOW HITPOINT WARNING * * *
The troll claws you!
You die...

##.###.####.#............ #...#.#
#.#...........( ##.....#
#.#...........%
##.....#####.#............
#.........................
#.#...#####...#...#...#...
#.#...# #..#...#...#...# #.#...#
###.#...#...#...#.
#.#######@#..#...#...#...# #.#
#T##...#...#...#...
##.#######(#...............
#..##.....(..#...#...#...#.
#.###.........#..c#...#...#
#######.# #.........(#...#({{#...
......#.###.........#...#(..#...#
#####.#.##.........#...#...#...#.
....#...##...................T.c.


You could see a troll.

Vanquished Creatures
  Pikel (D:5)
  3 trolls
  Sigmund (D:2)
  2 hippogriffs
  A wraith (D:9)
  A steam dragon (D:7)
  2 porcupines (D:9)
  3 orc warriors
  2 slaves (D:5)
  A black bear (D:5)
  3 ogres
  4 centaurs
  3 phantoms
  A crocodile (D:9)
  4 bullfrogs
  A gnoll sergeant (D:7)
  5 scorpions
  3 killer bees
  3 crimson imps
  2 bullfrog zombies
  A howler monkey (D:4)
  13 orc wizards
  A jelly (D:7)
  A quasit (D:6)
  7 orc priests
  2 bullfrog skeletons
  6 hounds
  5 iguanas
  6 worker ants
  2 hound skeletons
  A howler monkey zombie (D:6)
  2 worker ant zombies
  7 gnolls
  10 adders
  5 shadow imps
  2 adder skeletons
  An adder zombie (D:9)
  4 worms
  3 dart slugs (D:1)
  8 leopard geckos
  43 orcs
  4 giant cockroaches
  13 goblins
  12 hobgoblins
  11 jackals
  6 quokkas
  4 ball pythons (D:1)
  6 bats
  3 frilled lizards
  A giant cockroach zombie (D:6)
  2 jackal skeletons
  10 kobolds
  A quokka skeleton (D:7)
  11 rats
260 creatures vanquished.

Vanquished Creatures (others)
  A cyclops (D:8)
  A troll (D:9)
  An orc warrior (D:8)
  An ice beast (D:5)
  An ogre (D:4)
  A crimson imp (D:5)
  8 fungi (D:9)
  9 plants (D:9)
23 creatures vanquished.

Grand Total: 283 creatures vanquished

Notes
Turn   | Place    | Note
-------+----------+-------------------------------------------
     0 | Abyss:1  | vurker the Formicid Abyssal Knight began the quest for the
                  | Orb.
     0 | Abyss:1  | Reached XP level 1. HP: 18/18 MP: 2/2
    45 | Abyss:1  | Noticed a thrashing horror
    46 | D:1      | Escaped the Abyss
   188 | D:1      | Reached XP level 2. HP: 23/24 MP: 3/3
   469 | D:1      | Reached * piety under Lugonu
   512 | D:1      | Reached XP level 3. HP: 14/29 MP: 4/4
  1440 | D:2      | Found a basalt altar of Yredelemnul.
  1441 | D:2      | Found a hide-covered altar of Uskayaw.
  1441 | D:2      | Found a snail-covered altar of Cheibriados.
  1553 | D:2      | Found an ancient bone altar of Kikubaaqudgha.
  1569 | D:2      | Reached XP level 4. HP: 30/37 MP: 6/6
  1688 | D:2      | Reached skill level 3 in Invocations
  1785 | D:2      | Noticed Sigmund
  1917 | D:2      | Killed Sigmund
  1917 | D:2      | Reached skill level 4 in Invocations
  1917 | D:2      | Reached XP level 5. HP: 12/43 MP: 6/8
  1917 | D:2      | Reached XP level 6. HP: 14/49 MP: 6/9
  2444 | D:2      | Reached ** piety under Lugonu
  2665 | D:3      | Found a transporter.
  2666 | D:3      | Noticed grouchysmurf's ghost (amateur OgFi)
  2668 | D:3      | Found a transporter.
  2668 | D:3      | Noticed an ogre
  2675 | D:3      | Noticed an ogre
  3440 | D:3      | Reached skill level 5 in Maces & Flails
  3883 | D:4      | Reached XP level 7. HP: 52/55 MP: 10/10
  4010 | D:4      | Reached skill level 5 in Fighting
  4115 | D:4      | Reached *** piety under Lugonu
  4373 | D:4      | Reached skill level 5 in Invocations
  4631 | D:4      | Reached XP level 8. HP: 60/63 MP: 10/12
  5106 | D:5      | Entered Level 5 of the Dungeon
  5267 | D:5      | Reached skill level 6 in Invocations
  5378 | D:5      | Found a staircase to the Ecumenical Temple.
  5664 | D:5      | Noticed Pikel
  5705 | D:5      | Killed Pikel
  5705 | D:5      | Reached skill level 7 in Invocations
  5705 | D:5      | Reached XP level 9. HP: 69/71 MP: 12/14
  5747 | D:5      | Noticed Nico3ck's ghost (novice DsBe)
  5823 | D:5      | You fall into a shaft and drop 3 floors!
  6088 | D:5      | Found a runed translucent door.
  6745 | D:5      | Reached skill level 8 in Invocations
  7662 | D:6      | Found a glowing silver altar of Zin.
  7732 | D:6      | Found a large runed translucent door.
  7732 | D:6      | Found a large runed translucent door.
  7790 | D:6      | Found a large runed translucent door.
  7790 | D:6      | Found a large runed translucent door.
  7810 | D:6      | Reached **** piety under Lugonu
  8058 | D:6      | Got a glittering steel ring
  8312 | D:6      | Reached skill level 9 in Invocations
  8315 | D:6      | Got an ancient scythe
  8316 | D:6      | Identified the +8 scythe of the Eternal Warrior {venom,
                  | rPois MR- Int+5 Stlth+} (You found it on level 6 of the
                  | Dungeon)
  8392 | D:6      | Found a shimmering blue altar of Sif Muna.
  8539 | D:6      | Identified the ring of Cyfaa {*Tele Dex+4} (You found it on
                  | level 6 of the Dungeon)
  8711 | D:7      | Reached XP level 10. HP: 73/79 MP: 15/17
  9803 | D:8      | Reached skill level 10 in Invocations
 10112 | D:8      | Found Ehick's Weapon Boutique.
 10158 | D:8      | Noticed a cyclops
 10160 | D:8      | Banished a cyclops
 10891 | D:8      | Reached skill level 1 in Staves
 11245 | D:9      | Reached skill level 11 in Invocations
 11588 | D:9      | Reached XP level 11. HP: 87/87 MP: 19/19
 12010 | D:9      | Reached skill level 1 in Shields
 12254 | D:9      | Slain by a troll

Levels and vault maps discovered:
D:1:      psy_arrival_whirlpool, layout_loops_ring
D:2:      layout_loops_ring, lemuel_crystal_altar,
          nicolae_overflow_hidden_temple, uniq_sigmund
D:3:      layout_rooms, gammafunk_ghost_smash, guppyfry_early_orc_mine
D:4:      layout_basic
D:5:      layout_rooms, minmay_temple_entry_statues,
          hellmonk_ghost_happy_afterlife, first_ration,
          hangedman_decor_riveting, uniq_pikel
D:6:      layout_rooms, lemuel_blue_sif_altar, lemuel_round_altar,
          eino_small_chamber_without_monster, minmay_hollow_rounded_squares
D:7:      layout_rooms
D:8:      layout_loops_ring, serial_shops, nicolae_shop_behind_doors
D:9:      cheibrodos_fzero, layout_rooms, grunt_lair_entry_orc_guard_hut,
          enter_bailey_7

Skill      XL: |  1  2  3  4  5  6  7  8  9 10 11 |
---------------+----------------------------------+-----
Maces & Flails | 3 4 5 6 7 9 |  9.8
Invocations    | 4 5 7 9 11 | 11.7
Fighting       | 4 5 6 7 8 |  8.9
Staves         | 3 4 |  4.5
Shields        | 1 |  1.5
Armour         | |  2.1
Dodging        | |  0.8

Action                   |  1- 3 |  4- 6 |  7- 9 | 10-12 || total
-------------------------+-------+-------+-------+-------++-------
Melee: Mace              |    77 |       |       |       ||    77
       Whip              |    20 |   203 |   248 |   141 ||   612
       Flail             |       |     1 |   197 |       ||   198
       Lajatang          |       |       |       |   111 ||   111
 Fire: Hunting sling     |     9 |    91 |   138 |   111 ||   349
Invok: Depart the Abyss  |     1 |       |       |       ||     1
       Banish            |       |       |     2 |     5 ||     7
       Bend Space        |       |       |       |     1 ||     1
 Abil: Dig               |       |       |     6 |     3 ||     9
  Use: Potion            |       |     3 |       |     1 ||     4
       Scroll            |       |       |    11 |     2 ||    13
  Eat: Chunk             |     2 |     8 |    13 |    10 ||    33
       Ration            |       |       |     1 |     1 ||     2
Armor: Leather armour    |    23 |       |       |       ||    23
       Scale mail        |     4 |    92 |       |       ||    96
       Chain mail        |       |       |   288 |   104 ||   392
       Skin              |       |       |       |    21 ||    21
Dodge: Dodged            |    66 |    99 |   154 |    65 ||   384
Block: Shield            |       |       |       |    20 ||    20

Table legend:
 A = Non-vault XP
 B = Vault XP
 C = Vault XP percentage of total XP
 D = Non-vault monster count
 E = Vault monster count
 F = Vault count percentage of total count
                 A         B        C        D         E       F
            +---------+---------+-------+---------+---------+-------
      Total |    6069 |    3328 |  35.4 |     224 |      40 |  15.2
            +---------+---------+-------+---------+---------+-------
        D:1 |      52 |       0 |   0.0 |      28 |       0 |   0.0
        D:2 |      66 |     242 |  78.6 |      23 |       1 |   4.2
        D:3 |     106 |      17 |  13.8 |      29 |       7 |  19.4
        D:4 |     597 |       0 |   0.0 |      26 |       0 |   0.0
        D:5 |     699 |     629 |  47.4 |      27 |       1 |   3.6
        D:6 |     805 |     329 |  29.0 |      32 |       8 |  20.0
        D:7 |    1186 |       0 |   0.0 |      30 |       0 |   0.0
        D:8 |    1379 |       0 |   0.0 |      17 |       0 |   0.0
        D:9 |    1179 |    2111 |  64.2 |      12 |      23 |  65.7
            +---------+---------+-------+---------+---------+-------
